 Dungeon Crawl Stone Soup version 0.30-a0-234-g97d66968fd (webtiles) character file.

Game seed: 4368230906265927131

1533 qw the Cleaver (level 8, -1/51 HPs)
             Began as a Gargoyle Fighter on Oct 9, 2022.
             Slain by a raiju (3 damage)
             ... on level 1 of the Abyss.
             The game lasted 00:02:23 (4603 turns).

qw the Cleaver (Gargoyle Fighter)                   Turns: 4603, Time: 00:02:24

Health: -1/51      AC: 13    Str: 23      XL:     8   Next: 85%
Magic:  8/8        EV:  9    Int:  8      God:
Gold:   178        SH:  4    Dex:  8 (9)  Spells: 7/7 levels left

rFire   . . .      SeeInvis .    Y - +1 war axe
rCold   . . .      Faith    .    c - +0 buckler
rNeg    + . .      Spirit   .    b - +0 scale mail
rPois   inf        Reflect  .    j - +0 helmet
rElec   +          Harm     .    (no cloak)
rCorr   .          Rampage  .    (no gloves)
Will    .....                    (no boots)
Stlth   ..........               g - amulet of regeneration
HPRegen 1.08/turn                (no ring)
MPRegen 0.11/turn                (no ring)

@: no status effects
A: sickness immunity, AC +5, negative energy resistance 1, electricity
resistance, torment resistance 1, petrification resistance, fangs 1
a: no special abilities


You were on level 1 of the Abyss.
You visited 1 branch of the dungeon, and saw 6 of its levels.
You visited the Abyss 1 time.

You collected 325 gold pieces.
You spent 147 gold pieces at shops.


Innate Abilities, Weirdness & Mutations

You are immune to sickness and miasma.
Your stone body is resilient. (AC +5)
You are immune to poison.
You resist negative energy. (rN+)
You are resistant to electric shocks. (rElec)
You are resistant to unholy torment.
You are immune to petrification.
You have very sharp teeth.


   Skills:
 - Level 6.1 Fighting
 + Level 8.7 Axes
 - Level 3.2 Armour
 - Level 1.8 Dodging
 - Level 3.2 Shields


You had 7 spell levels left.
You didn't know any spells.
Your spell library was empty.

Inventory:

Hand Weapons
 h - a +0 morningstar of protection
 Y - a +1 war axe (weapon)
Armour
 b - a +0 scale mail (worn)
 c - a +0 buckler (worn)
 j - a +0 helmet (worn)
Jewellery
 g - an amulet of regeneration (around neck)
Scrolls
 a - 2 scrolls of identify
Potions
 d - a potion of might
 e - a potion of attraction
 f - a potion of resistance
 i - 3 potions of mutation
 l - 3 potions of curing

Dungeon Overview and Level Annotations

Branches:
Dungeon (6/15)
 Temple: D:4-7

Altars:
Ashenzari
Cheibriados
Dithmenos
Makhleb
Ru
Trog
Vehumet
Wu Jian
Xom

Shops:
D:2 *

Annotations:
D:4 2 transporters, qw's ghost, amateur GrFi
D:5 2 transporters, qw's ghost, novice GrFi


Message History

The raiju bursts into living lightning!
The living lightning hits you. You resist.
The raiju blinks!
You block the raiju's attack.
You closely miss the raiju. Your bite misses the raiju.
The raiju is moderately wounded.
You barely miss the raiju. The raiju bites you. The raiju shocks you.
You resist. The raiju barely misses you.
You barely miss the raiju.
The raiju is moderately wounded.
You barely miss the raiju.
The raiju bursts into living lightning!
The living lightning hits you. You resist.
The living lightning hits the raiju.
The raiju completely resists.
The raiju blinks! x2
The raiju bursts into living lightning!
The living lightning misses you.
The living lightning misses the raiju.
The raiju blinks!
You barely miss the raiju.
The raiju is moderately wounded.
You miss the raiju. The raiju bites you. The raiju shocks you. You resist.
The raiju bites you. The raiju shocks you. You resist. The raiju bites you.
The raiju shocks you. You resist.
You closely miss the raiju. Your bite misses the raiju.
The raiju is moderately wounded.
You miss the raiju. The raiju bites you. The raiju shocks you. You resist.
The raiju bursts into living lightning!
The living lightning hits you. You resist.
The raiju blinks!
You barely miss the raiju. You bite the raiju, but do no damage.
The raiju is moderately wounded.
You hit the raiju but do no damage.
The raiju bursts into living lightning!
The living lightning hits you. You resist.
The raiju blinks!
The raiju bites you. The raiju shocks you. You resist.
You barely miss the raiju. Your bite misses the raiju.
The raiju is moderately wounded.
You hit the raiju. You barely miss the raiju. The raiju bites you!
The raiju shocks you. You resist.
You die...

h.# #### ..h #
#..##.h ..
...#..#.~4
#ยค....~~~~ #
####.#... ~~ .
#####.h@#...~~~~
# ..!.....hh..# .
.......##..#
#......###..#...#
#. ##### ##.....#
#. # .#.# # .
##.# # .. .# ...


You could see 3 raiju.

Vanquished Creatures
  A wraith (Abyss:1)
  3 yaks (D:6)
  An ogre (D:5)
  A centaur (D:5)
  A phantom (D:6)
  3 scorpions (D:5)
  2 hounds (D:5)
  An orc priest (D:6)
  A gnoll bouda (D:5)
  3 jellies
  4 iguanas
  5 adders
  5 gnolls
  An ufetubus (D:5)
  4 worms
  4 dart slugs
  8 orcs
  6 bats
  8 endoplasms
  9 giant cockroaches
  5 goblins
  7 hobgoblins
  6 jackals
  6 quokkas
  12 ball pythons
  7 frilled lizards
  10 kobolds
  7 rats
131 creatures vanquished.

Notes
Turn   | Place    | Note
-------+----------+-------------------------------------------
     0 | D:1      | qw the Gargoyle Fighter began the quest for the Orb.
     0 | D:1      | Reached XP level 1. HP: 14/14 MP: 1/1
     0 | D:1      | 0 ||| qw: Version: 0.2-a-17-g06abaee
     0 | D:1      | 0 ||| qw: Game counter: 2319
     0 | D:1      | 0 ||| qw: Always use a shield: true
     0 | D:1      | 0 ||| qw: God list: Okawaru
     0 | D:1      | 0 ||| qw: Allow faded altars: false
     0 | D:1      | 0 ||| qw: Do Orc after D:15 true
     0 | D:1      | 0 ||| qw: Do second Lair branch before Depths: true
     0 | D:1      | 0 ||| qw: Lair rune preference: random
     0 | D:1      | 0 ||| qw: Plans: Normal, Zot:1-4, God:TSO, Crypt, Tomb,
                  | Pan, Slime:5, Hells, Abyss, Orb
     0 | D:1      | 0 ||| PLANNING D:1-11
    47 | D:1      | Reached skill level 2 in Axes
    65 | D:1      | 65 ||| Stepping ~*~*~tactically~*~*~ (stealth).
    76 | D:1      | 76 ||| Stepping ~*~*~tactically~*~*~ (stealth).
   142 | D:1      | Reached XP level 2. HP: 18/19 MP: 2/2
   167 | D:1      | 167 ||| Stepping ~*~*~tactically~*~*~ (stealth).
   244 | D:1      | 244 ||| Stepping ~*~*~tactically~*~*~ (hiding).
   407 | D:1      | Reached skill level 3 in Axes
   444 | D:1      | Reached XP level 3. HP: 23/23 MP: 3/3
   506 | D:1      | 506 ||| Stepping ~*~*~tactically~*~*~ (stealth).
   717 | D:1      | Found a faded altar of an unknown god.
   720 | D:1      | 720 ||| READING 2 scrolls labelled RAUNGI RUANUZE.
   918 | D:2      | HP: 5/23 [orc/+0 whip (3)]
   920 | D:2      | Reached XP level 4. HP: 7/28 MP: 4/4
  1008 | D:2      | 1008 ||| DROPPING +0 club.
  1035 | D:2      | 1035 ||| DROPPING +1 hand axe of draining.
  1072 | D:2      | Found Poruxkiditak's Assorted Antiques.
  1080 | D:2      | 1080 ||| BUYING bubbling emerald potion (27 gold).
  1080 | D:2      | Bought a bubbling emerald potion for 27 gold pieces
  1080 | D:2      | 1080 ||| BUYING coppery potion (27 gold).
  1080 | D:2      | Bought a coppery potion for 27 gold pieces
  1080 | D:2      | 1080 ||| SHOPLISTING plate armour (713 gold, have 96).
  1080 | D:2      | 1080 ||| BUYING scroll labelled JOXUUR OCERCH (31 gold).
  1080 | D:2      | Bought a scroll labelled JOXUUR OCERCH for 31 gold pieces
  1080 | D:2      | 1080 ||| BUYING scroll labelled WUCEVV VEOCEGE (31 gold).
  1080 | D:2      | Bought a scroll labelled WUCEVV VEOCEGE for 31 gold pieces
  1080 | D:2      | 1080 ||| BUYING scroll labelled ZYSOOL IGERIEM (31 gold).
  1080 | D:2      | Bought a scroll labelled ZYSOOL IGERIEM for 31 gold pieces
  1080 | D:2      | 1080 ||| SHOPLISTING sedimented emerald potion (27 gold,
                  | have 3).
  1187 | D:2      | Reached skill level 4 in Axes
  1195 | D:2      | 1195 ||| Stepping ~*~*~tactically~*~*~ (stealth).
  1369 | D:2      | 1369 ||| READING 2 scrolls labelled JOXUUR OCERCH.
  1370 | D:2      | 1370 ||| READING scroll labelled WUCEVV VEOCEGE.
  1371 | D:2      | 1371 ||| READING scroll labelled ZYSOOL IGERIEM.
  1372 | D:2      | 1372 ||| DRINKING 2 bubbling emerald potions.
  1372 | D:2      | Gained mutation: You have very sharp teeth. [potion of
                  | mutation]
  1373 | D:2      | 1373 ||| READING 3 scrolls of identify.
  1373 | D:2      | 1373 ||| IDENTIFYING yellow potion
  1374 | D:2      | 1374 ||| READING 2 scrolls of identify.
  1374 | D:2      | 1374 ||| IDENTIFYING puce potion
  1375 | D:2      | 1375 ||| DROPPING scroll of blinking.
  1376 | D:2      | 1376 ||| DROPPING potion of ambrosia.
  1379 | D:3      | Found an ornate altar of the Wu Jian Council.
  1380 | D:3      | 1380 ||| PLANNING SEWER
  1388 | D:3      | 1388 ||| STAIRDANCE
  1683 | D:3      | 1683 ||| Stepping ~*~*~tactically~*~*~ (stealth).
  1684 | D:3      | 1684 ||| Stepping ~*~*~tactically~*~*~ (stealth).
  1689 | D:3      | 1689 ||| Stepping ~*~*~tactically~*~*~ (stealth).
  1690 | D:3      | 1690 ||| Stepping ~*~*~tactically~*~*~ (stealth).
  1737 | D:3      | 1737 ||| Stepping ~*~*~tactically~*~*~ (stealth).
  1738 | D:3      | Found a shadowy altar of Dithmenos.
  1949 | D:3      | You fall into a shaft and drop 1 floor!
  1974 | D:4      | Noticed qw's ghost (amateur GrFi)
  1975 | D:4      | Found a transporter.
  1988 | D:4      | 1988 ||| Stepping ~*~*~tactically~*~*~ (stealth).
  1998 | D:4      | Reached XP level 5. HP: 22/32 MP: 5/5
  2065 | D:4      | Found a transporter.
  2091 | D:4      | 2091 ||| Stepping ~*~*~tactically~*~*~ (hiding).
  2094 | D:4      | 2094 ||| Stepping ~*~*~tactically~*~*~ (hiding).
  2203 | D:4      | Reached skill level 5 in Axes
  2234 | D:4      | 2234 ||| RIP SEWER
  2234 | D:4      | 2234 ||| PLANNING D:1-11
  2237 | D:4      | 2237 ||| UPGRADING to amulet of regeneration.
  2242 | D:4      | 2242 ||| READING scroll labelled CUCWEM GIUMEKK.
  2243 | D:4      | 2243 ||| READING scroll labelled XASSU HUXKI.
  2244 | D:4      | 2244 ||| READING scroll labelled RASUPTEKHA.
  2245 | D:4      | 2245 ||| DRINKING 3 grey potions.
  2246 | D:4      | 2246 ||| DRINKING 2 golden potions.
  2247 | D:4      | 2247 ||| READING 2 scrolls of identify.
  2247 | D:4      | 2247 ||| IDENTIFYING coppery potion
  2248 | D:4      | 2248 ||| DROPPING potion of berserk rage.
  2249 | D:4      | 2249 ||| DROPPING potion of brilliance.
  2259 | D:3      | 2259 ||| RIP SEWER
  2772 | D:4      | Found a sacrificial altar of Ru.
  2807 | D:4      | Found a shimmering altar of Xom.
  2995 | D:4      | Found a burning altar of Makhleb.
  3138 | D:4      | HP: 1/33 [iguana (10)]
  3140 | D:4      | Reached XP level 6. HP: 3/38 MP: 6/6
  3251 | D:4      | 3251 ||| Stepping ~*~*~tactically~*~*~ (stealth).
  3400 | D:4      | 3400 ||| READING 2 scrolls of identify.
  3400 | D:4      | 3400 ||| IDENTIFYING pink potion
  3411 | D:5      | Entered Level 5 of the Dungeon
  3427 | D:5      | Reached skill level 1 in Dodging
  3462 | D:5      | Reached XP level 7. HP: 43/43 MP: 7/7
  3468 | D:5      | Found a transporter.
  3471 | D:5      | Noticed qw's ghost (novice GrFi)
  3473 | D:5      | Found a transporter.
  3479 | D:5      | Found a radiant altar of Vehumet.
  3655 | D:5      | Found a snail-covered altar of Cheibriados.
  3663 | D:5      | Reached skill level 6 in Axes
  3687 | D:5      | 3687 ||| Stepping ~*~*~tactically~*~*~ (hiding).
  3755 | D:5      | 3755 ||| Stepping ~*~*~tactically~*~*~ (stealth).
  3871 | D:5      | Found a broken altar of Ashenzari.
  3937 | D:5      | 3937 ||| Stepping ~*~*~tactically~*~*~ (stealth).
  3939 | D:5      | 3939 ||| Stepping ~*~*~tactically~*~*~ (hiding).
  4060 | D:5      | Reached skill level 7 in Axes
  4134 | D:5      | Found a bloodstained altar of Trog.
  4237 | D:5      | 4237 ||| UPGRADING to +0 helmet.
  4242 | D:5      | 4242 ||| DRINKING 2 viscous black potions.
  4243 | D:5      | 4243 ||| READING 3 scrolls of identify.
  4243 | D:5      | 4243 ||| IDENTIFYING white potion
  4244 | D:5      | 4244 ||| DROPPING potion of degeneration.
  4341 | D:6      | Reached XP level 8. HP: 48/49 MP: 8/8
  4380 | D:6      | Noticed a yak
  4383 | D:6      | Noticed a yak
  4387 | D:6      | Noticed a yak
  4392 | D:6      | Killed a yak
  4396 | D:6      | Killed a yak
  4397 | D:6      | Reached skill level 8 in Axes
  4412 | D:6      | HP: 8/49 [yak (11)]
  4413 | D:6      | 4413 ||| DRINKING potion of heal wounds.
  4414 | D:6      | Killed a yak
  4449 | D:6      | Reached skill level 6 in Fighting
  4493 | Abyss:1  | Cast into level 1 of the Abyss (gnoll)
  4494 | Abyss:1  | 4494 ||| READING 3 scrolls of identify.
  4494 | Abyss:1  | 4494 ||| IDENTIFYING brown potion
  4495 | Abyss:1  | 4495 ||| DROPPING potion of magic.
  4537 | Abyss:1  | Noticed a wraith
  4550 | Abyss:1  | Killed a wraith
  4579 | Abyss:1  | Noticed an ice devil
  4580 | Abyss:1  | 4580 ||| Stepping ~*~*~tactically~*~*~ (stealth).
  4582 | Abyss:1  | 4582 ||| Stepping ~*~*~tactically~*~*~ (stealth).
  4584 | Abyss:1  | 4584 ||| Stepping ~*~*~tactically~*~*~ (stealth).
  4588 | Abyss:1  | Noticed a raiju
  4589 | Abyss:1  | 4589 ||| Stepping ~*~*~tactically~*~*~ (stealth).
  4589 | Abyss:1  | Noticed a raiju
  4589 | Abyss:1  | Noticed a raiju
  4589 | Abyss:1  | Noticed a raiju
  4590 | Abyss:1  | 4590 ||| Stepping ~*~*~tactically~*~*~ (hiding).
  4602 | Abyss:1  | HP: 10/51 [raiju (6)]
  4603 | Abyss:1  | HP: 2/51 [raiju (7)]
  4603 | Abyss:1  | Slain by a raiju

Levels and vault maps discovered:
D:1:      minmay_arrival_stone_box, layout_rooms,
          dilly_ecumenical_altar_fadedgnrine
D:2:      layout_rooms, serial_shops, shop_fountains
D:3:      layout_basic, grunt_dithmenos_smoke, mainiacjoe_overflow_boulevard,
          gup_sewer_entry_pipe
D:4:      wad_crossroads, layout_cave_pods, mainiacjoe_overflow_small_starburst,
          nicolae_ru_awakened_eye, kennysheep_little_box, gammafunk_ghost_arena
D:5:      layout_loops_ring, nicolae_overflow_crystal_walls, old_standard_altar,
          mainiacjoe_overflow_24_doors, cheibrodos_ashenzari_chains,
          gammafunk_ghost_hive
D:6:      layout_basic
Abyss:1:  base:
Temple

Skill      XL: |  1  2  3  4  5  6  7  8 |
---------------+-------------------------+-----
Axes           | 2 3 4 5 7 8 |  8.7
Fighting       | 4 5 6 |  6.1
Dodging        | 1 |  1.8
Armour         | |  3.2
Shields        | |  3.2

Action                   |  1- 3 |  4- 6 |  7- 9 || total
-------------------------+-------+-------+-------++-------
Melee: War axe           |   135 |   172 |   169 ||   476
       Bite              |       |    12 |    25 ||    37
Throw: Boomerang         |       |    22 |       ||    22
  Use: Scroll            |     1 |    10 |     2 ||    13
       Potion            |       |     3 |     2 ||     5
Armor: Scale mail        |    69 |    75 |    52 ||   196
Dodge: Dodged            |    69 |    68 |    81 ||   218
Block: Buckler           |    31 |    28 |    28 ||    87

Table legend:
 A = Non-vault XP
 B = Vault XP
 C = Vault XP percentage of total XP
 D = Non-vault monster count
 E = Vault monster count
 F = Vault count percentage of total count
                 A         B        C        D         E       F
            +---------+---------+-------+---------+---------+-------
      Total |    2127 |      63 |   2.9 |     121 |      10 |   7.6
            +---------+---------+-------+---------+---------+-------
        D:1 |      41 |       0 |   0.0 |      27 |       0 |   0.0
        D:2 |      68 |       0 |   0.0 |      26 |       0 |   0.0
        D:3 |      45 |      12 |  21.1 |      20 |       6 |  23.1
        D:4 |     116 |      51 |  30.5 |      16 |       4 |  20.0
        D:5 |     814 |       0 |   0.0 |      19 |       0 |   0.0
        D:6 |     841 |       0 |   0.0 |      12 |       0 |   0.0
    Abyss:1 |     202 |       0 |   0.0 |       1 |       0 |   0.0
            +---------+---------+-------+---------+---------+-------
